Map: Emerald City LE

Players

JackieMIF

  • Race: Terran Terran
  • League: Platinum
  • Spawn Location: 11:00

Cole

  • Race: Protoss Protoss
  • League: Diamond
  • Spawn Location: 11:00

qqq - Winner!

  • Race: Zerg Zerg
  • Spawn Location: 5:00

Massa - Winner!

  • Race: Terran Terran
  • League: Platinum
  • Spawn Location: 5:00

VOD

Have the link to the VOD?

Description

Time

  • Played on: March 6, 2021, 12:10 p.m.
  • Length: 4:46
Show
View Real Time Build Order
Export as new Build Order

JackieMIF Terran 

Build Orders:  

Get SALT Encoding   

  12  0:00  SCV  
  13  0:12  SCV  
  14  0:18  Supply Depot  
  14  0:25  SCV  
  15  0:40  SCV  
  16  0:43  Barracks  
  16  0:50  Refinery  
  16  0:52  SCV  
  17  1:04  SCV  
  18  1:21  SCV  
  19  1:33  SCV  
  19  1:38  Marine  
  21  1:40  Command Center  
  21  1:49  Supply Depot  
  21  1:55  Factory  
  21  2:02  Marine  
  22  2:10  Orbital Command  
  22  2:17  Refinery  
  22  2:42  Barracks Reactor  
  22  2:49  Bunker  
  22  2:52  SCV  
  22  2:53  Factory Tech Lab  
  22  2:58  Starport  
  23  3:01  SCV  
  24  3:09  SCV  
  25  3:17  Orbital Command  
  25  3:20  Refinery  
  25  3:21  SCV  
  26  3:29  Marine x2  
  28  3:37  SCV  
  29  3:47  Marine x2  
  31  3:49  Starport Reactor  
  31  3:50  Siege Tank  
  34  4:00  SCV  
  35  4:06  Supply Depot  
  35  4:19  SCV  
  35  4:20  SCV  
  35  4:21  Barracks x2  
Show
View Real Time Build Order
Export as new Build Order

Cole Protoss 

Build Orders:  

Get SALT Encoding   

  12  0:00  Probe  
  13  0:12  Probe  
  14  0:20  Pylon  
  14  0:24  Probe  
  15  0:38  Probe (Chrono Boost)  
  15  0:42  Gateway  
  16  0:49  Probe (Chrono Boost)  
  17  0:50  Assimilator  
  17  0:57  Assimilator  
  17  1:00  Probe  
  18  1:16  Gateway  
  18  1:19  Probe  
  18  1:29  Cybernetics Core  
  18  1:32  Probe (Chrono Boost)  
  19  1:41  Probe (Chrono Boost)  
  19  1:42  Pylon  
  20  2:05  Stalker x2  
  24  2:13  Forge  
  24  2:15  Probe  
  25  2:27  Probe  
  26  2:39  Probe  
  27  2:54  Nexus  
  27  2:56  Probe  
  28  3:03  Adept  
  30  3:16  Pylon  
  28  3:44  Shield Battery  
  28  3:45  Stalker (Chrono Boost)  
  28  3:52  Probe  
  28  3:53  Stargate  
  31  4:00  Stalker (Chrono Boost)  
  31  4:04  Pylon  
  31  4:07  Probe (Chrono Boost)  
  31  4:08  Probe (Chrono Boost)  
  33  4:15  Assimilator  
  35  4:18  Probe (Chrono Boost)  
  35  4:20  Probe (Chrono Boost)  
Show
View Real Time Build Order
Export as new Build Order

qqq Zerg - Winner!

Build Orders: Hatch First 

Get SALT Encoding   

  12  0:00  Drone  
  13  0:08  Drone  
  14  0:18  Overlord  
  14  0:48  Drone  
  15  0:50  Hatchery  
  15  0:51  Drone  
  15  0:55  Drone  
  16  1:07  Drone  
  17  1:23  Drone, Extractor, Spawning Pool  
  16  1:30  Drone  
  17  1:43  Drone x2  
  19  2:01  Extractor  
  18  2:08  Drone x2  
  20  2:12  Drone  
  20  2:14  Queen x2  
  26  2:16  Drone, Overlord  
  27  2:27  Extractor  
  27  2:33  Drone  
  27  2:34  Drone  
  28  2:37  Metabolic Boost  
  28  2:46  Evolution Chamber  
  28  2:47  Drone x2  
  28  2:48  Drone  
  28  2:49  Overlord  
  30  2:56  Zergling x2  
  30  2:57  Zergling x2  
  32  3:07  Zergling x2  
  32  3:08  Zergling x2  
  34  3:18  Zergling x2  
  35  3:23  Zergling x8  
  39  3:32  Zergling x8  
  43  3:48  Zergling x2, Overlord  
  44  3:58  Overlord x2  
  44  4:02  Hatchery  
  43  4:06  Drone  
  43  4:08  Zergling x2  
  42  4:26  Zergling x10  
  42  4:27  Zergling x6  
Show
View Real Time Build Order
Export as new Build Order

Massa Terran - Winner!

Build Orders: 2 Factory, Reaper Expand 

Get SALT Encoding   

  12  0:00  SCV  
  13  0:12  SCV  
  14  0:21  Supply Depot  
  14  0:24  SCV  
  15  0:43  SCV  
  15  0:46  Barracks  
  15  0:49  Refinery  
  16  0:55  SCV  
  17  1:06  Refinery  
  17  1:07  SCV  
  18  1:19  SCV  
  19  1:32  Orbital Command  
  19  1:35  Supply Depot  
  19  1:40  Reaper  
  20  2:03  Command Center  
  20  2:11  Factory  
  20  2:14  Marine  
  21  2:17  SCV  
  22  2:29  SCV  
  23  2:34  Factory  
  23  2:37  Barracks Tech Lab  
  23  2:41  SCV  
  24  2:53  Supply Depot  
  24  3:02  Barracks Tech Lab, Cyclone  
  27  3:07  SCV  
  27  3:29  Orbital Command  
  27  3:30  SCV  
  28  3:43  SCV, Cyclone  
  32  3:53  Cyclone  
  32  3:55  SCV  
  36  4:03  Supply Depot  
  36  4:06  Supply Depot  
  36  4:08  Engineering Bay  
  36  4:13  Refinery x2  
Tags
 
Add a new tag
Caveats
  • Supply blocks, unpowered buildings, or Contaminate may cause inaccurate times.
  • Supply counts are checked every 10 seconds.